Map: Dash and Terminal LE (Void)

Players

leoant - Winner!

  • Race: Zerg Zerg
  • League: Silver

SticklerMac

  • Race: Terran Terran
  • League: Bronze

VOD

Have the link to the VOD?

Description

Time

  • Played on: July 27, 2015, 10:51 p.m.
  • Length: 14:18
Show
View Real Time Build Order
Export as new Build Order

leoant Zerg - Winner!

Build Orders: Pool First, Lurkers 

Get SALT Encoding   

  12  0:01  Drone  
  13  0:12  Overlord  
  13  0:18  Drone  
  14  0:25  Drone, Extractor  
  15  0:32  Drone  
  15  0:34  Drone  
  17  0:47  Spawning Pool  
  16  0:51  Drone  
  16  0:55  Extractor  
  16  0:57  Drone  
  17  1:22  Hatchery  
  16  1:30  Drone  
  17  1:32  Drone  
  17  1:34  Queen  
  17  1:37  Zergling x2  
  21  1:43  Overlord  
  21  1:51  Drone  
  22  2:10  Zergling x2  
  22  2:13  Queen  
  25  2:25  Drone x2, Roach Warren  
  25  2:29  Metabolic Boost  
  26  2:34  Queen  
  28  2:45  Drone  
  28  2:46  Drone x2  
  31  3:01  Drone x3  
  34  3:22  Drone x2  
  34  3:23  Overlord  
  34  3:26  Overlord x2  
  36  3:31  Extractor  
  35  3:36  Drone  
  36  3:44  Drone x5  
  36  3:45  Drone x2  
  42  4:03  Extractor  
  40  4:19  Roach  
  40  4:20  Roach x8  
  58  4:31  Overlord  
  58  4:34  Drone x2  
  60  4:41  Evolution Chamber  
  59  4:57  Hatchery, Drone x7, Extractor  
  59  4:58  Evolution Chamber, Drone  
  64  5:02  Lair  
  64  5:05  Overlord  
  64  5:07  Overlord  
  64  5:35  Zerg Missile Weapons Level 1  
  64  5:36  Zerg Ground Armor Level 1  
  64  5:39  Roach  
  64  5:40  Roach x6  
  78  5:53  Overlord x2  
  78  6:01  Extractor  
  77  6:19  Hydralisk Den  
  77  6:21  Glial Reconstitution  
  77  6:24  Drone x3  
  77  6:25  Drone x3  
  82  6:34  Drone x3  
  82  6:35  Drone x3  
  82  6:36  Overlord x3  
  88  6:49  Hydralisk  
  88  6:50  Hydralisk x4  
  98  7:03  Overlord x2  
  98  7:06  Pneumatized Carapace  
  98  7:09  Drone x5  
  103  7:29  Overlord x2  
  103  7:35  Muscular Augments  
  103  7:36  Hydralisk x2  
  103  7:37  Hydralisk x6  
  119  7:58  Overlord  
  119  8:03  Extractor  
  119  8:04  Drone x3  
  121  8:14  Zerg Ground Armor Level 2, Zerg Missile Weapons Level 2  
  121  8:20  Infestation Pit  
  120  8:39  Ravager  
  120  8:40  Ravager  
  120  8:41  Ravager  
  123  8:43  Overlord  
  123  8:44  Overlord  
  123  8:45  Overlord x2  
  123  8:46  Overlord  
  123  8:50  Drone x2  
  125  9:07  Spire  
  100  9:39  Roach  
  100  9:40  Roach x20  
  100  9:41  Roach x11  
  164  10:00  Lurker Den  
  164  10:06  Hydralisk x8  
  168  10:10  Hatchery  
  168  10:11  Extractor  
  178  10:19  Hive  
  178  10:43  Extractor  
  178  10:44  Spine Crawler x2  
  178  10:47  Corruptor x9  
  193  11:22  Overlord x2  
  193  11:23  Hydralisk  
  193  11:24  Hydralisk x2  
  199  11:32  Lurker  
  200  11:52  Overlord x2  
  200  11:53  Overseer x3  
  198  11:54  Overseer x2  
  198  11:59  Lurker x2  
  200  12:34  Greater Spire  
  180  13:28  Lurker x2  
  180  13:29  Hydralisk  
  180  13:30  Hydralisk x8  
Show
View Real Time Build Order
Export as new Build Order

SticklerMac Terran 

Build Orders: MMM Bio 

Get SALT Encoding   

  12  0:01  SCV  
  13  0:13  SCV  
  14  0:27  SCV  
  15  0:32  Supply Depot  
  15  0:46  Supply Depot  
  15  0:53  SCV  
  16  0:57  Barracks  
  16  1:05  SCV  
  17  1:21  Barracks  
  17  1:31  SCV  
  18  1:43  SCV  
  18  1:45  Bunker  
  18  1:47  Marine  
  20  2:02  Command Center  
  20  2:04  Marine  
  20  2:19  Bunker  
  20  2:27  Supply Depot  
  20  2:39  SCV  
  21  2:48  Barracks  
  21  2:50  Refinery, Barracks  
  21  2:51  SCV  
  22  3:03  SCV  
  23  3:15  SCV  
  24  3:23  Refinery  
  24  3:26  SCV  
  25  3:27  SCV  
  26  3:37  Marine x2  
  26  3:38  SCV  
  26  3:40  SCV  
  30  3:46  Bunker  
  30  3:50  SCV  
  30  3:52  Orbital Command  
  31  3:56  Marine  
  31  3:58  Marine  
  33  4:13  Supply Depot  
  33  4:20  Supply Depot  
  33  4:21  Marine  
  33  4:22  Marine  
  36  4:27  Barracks Tech Lab  
  36  4:28  Barracks Reactor  
  36  4:31  Factory  
  35  4:42  Supply Depot  
  35  4:46  Supply Depot  
  35  4:49  Supply Depot  
  35  4:55  Bunker  
  35  4:57  Bunker  
  35  5:05  Stimpack  
  35  5:07  Marine  
  36  5:18  SCV  
  36  5:19  SCV  
  38  5:30  SCV  
  38  5:31  SCV  
  38  5:33  Starport  
  40  5:37  Marine x2  
  42  5:43  SCV  
  43  5:57  Marine x3  
  43  5:58  Marine x2  
  48  6:09  Engineering Bay x2  
  48  6:19  Viking  
  48  6:25  Starport  
  50  6:37  Marine x5  
  55  6:53  Orbital Command  
  55  6:54  Marine  
  55  6:55  Marine x4  
  60  7:07  Starport Reactor  
  60  7:08  Starport Reactor  
  60  7:32  Marine x5  
  60  7:36  Widow Mine  
  67  7:48  Combat Shields  
  67  7:49  Marine  
  67  7:50  Marine x3  
  72  7:51  Terran Infantry Weapons Level 1  
  72  7:53  Terran Infantry Armor Level 1  
  72  7:57  Marauder  
  73  8:05  Widow Mine  
  73  8:07  Marine x2  
  73  8:08  Marine x2  
  79  8:19  Marauder  
  81  8:25  Marine x2  
  81  8:26  Marine  
  85  8:33  Widow Mine  
  86  8:50  Supply Depot  
  86  8:51  Supply Depot  
  86  8:52  Supply Depot  
  86  9:11  Medivac, Marine x2  
  86  9:12  Marauder  
  86  9:13  Medivac x3  
  90  9:29  Marine x2  
  79  9:33  Marauder  
  76  9:47  Marine x2  
  78  9:54  Marine  
  79  10:05  Marine x2  
  79  10:06  Medivac x4  
  89  10:09  Supply Depot  
  89  10:10  Supply Depot  
  89  10:12  Supply Depot, Marine  
  89  10:13  Widow Mine  
  92  10:21  Barracks  
  92  10:23  Barracks  
  91  10:42  Widow Mine  
  93  10:44  Liberator  
  93  10:56  Marine  
  93  10:57  Marine  
  94  10:58  Marine  
  99  11:10  Widow Mine  
  101  11:15  Barracks  
  101  11:16  Barracks Reactor x2  
  101  11:17  Barracks, Marine  
  101  11:18  Marine  
  103  11:21  Marauder  
  105  11:40  Factory Reactor  
  105  11:43  Marauder  
  107  11:54  Barracks  
  107  11:58  Barracks  
  105  12:04  Marauder  
  107  12:13  Liberator  
  107  12:26  Marauder  
  107  12:28  Armory  
  112  12:42  Barracks Tech Lab  
  112  12:47  Marauder  
  114  12:54  Barracks Reactor  
  114  12:56  Marine x4  
  114  12:57  Barracks Reactor  
  118  13:06  Marine x2  
  118  13:10  Marine x2  
  112  13:13  Marine  
  112  13:14  Marine x3  
  112  13:17  Marine  
  63  13:24  Marine x2  
  39  13:27  Marine x2  
  39  13:31  Marine  
  39  13:32  Marine x3  
  41  13:34  Marine  
  42  13:42  Marine x4  
  42  13:45  Marine x2  
  50  13:49  Marine x2  
  50  13:50  Marine x2  
  50  13:52  Marine  
  48  14:00  Marine x2  
Tags
 
Add a new tag
Caveats
  • Supply blocks, unpowered buildings, or Contaminate may cause inaccurate times.
  • Supply counts are checked every 10 seconds.